[ AOE2 MATCH · #513868048 ]
UnrankedVietnamese vs Khitans
Rival team · LOSS
[ REPLAY ANALYSIS · EXTRACTED FROM THE RECORDED GAME ]
Feudal
12:44
Castle
16:42
Imperial
42:27
| APM avg | 36.1 |
| APM peak | 69 |
| eAPM avg | 24.3 |
| Villagers / military | 205 / 230 |
Focus
⚔️ 42.9% · 🌾 57.1%
Rattan Archer ×139 · Battle Elephant ×63 · Fishing Ship ×14 · Trebuchet (Packed) ×13 · Mangonel ×8 · Hulk ×5
Feudal
12:37
Castle
16:54
Imperial
43:49
| APM avg | 49.7 |
| APM peak | 92 |
| eAPM avg | 29.8 |
| Villagers / military | 184 / 87 |
Focus
⚔️ 37.5% · 🌾 62.5%
Unknown (1920) ×75 · Steppe Lancer ×49 · Fishing Ship ×15 · Hulk ×14 · Iron Pagoda ×10 · Battering Ram ×6
Match map
Initial resources + every placement click. Lines = walls · curves = elevation contours. ◆ gold · ⬟ stone · ● berries · ✦ relic · ◌ wall gap
Your base· Open — unwalled flank
Rododino's base· Open — 5t gap
Smoothed initial terrain · ◌ = detected wall gap · hover for details
Inputs per minute
— AbsolutelyShrekt - - Rododino
Build order — AbsolutelyShrekt
First 150 of 619 actions detected
| 0:29 | Build | Town Center |
| 0:46 | Build | Dock |
| 0:49 | Build | House |
| 2:35 | Queue | Villager (Male) |
| 2:35 | Queue | Villager (Male) |
| 2:36 | Queue | Villager (Male) |
| 2:56 | Queue | Villager (Male) |
| 3:54 | Queue | Villager (Male) |
| 4:12 | Queue | Fishing Ship |
| 4:28 | Queue | Villager (Male) |
| 4:40 | Build | House |
| 4:50 | Queue | Villager (Male) |
| 5:21 | Queue | Villager (Male) |
| 5:38 | Queue | Fishing Ship |
| 5:48 | Queue | Villager (Male) |
| 6:08 | Build | House |
| 6:18 | Queue | Villager (Male) |
| 6:18 | Queue | Villager (Male) |
| 6:36 | Queue | Villager (Male) |
| 6:40 | Queue | Fishing Ship |
| 7:06 | Queue | Villager (Male) |
| 7:06 | Queue | Villager (Male) |
| 7:09 | Queue | Fishing Ship |
| 7:37 | Build | House |
| 7:51 | Queue | Villager (Male) |
| 8:02 | Queue | Fishing Ship |
| 8:09 | Build | House |
| 8:12 | Queue | Villager (Male) |
| 8:46 | Queue | Villager (Male) |
| 8:58 | Queue | Villager (Male) |
| 9:03 | Build | Lumber Camp |
| 9:08 | Queue | Villager (Male) |
| 9:23 | Build | House |
| 9:25 | Queue | Villager (Male) |
| 9:43 | Queue | Fishing Ship |
| 10:26 | Research | Feudal Age |
| 10:32 | Build | Dock |
| 10:57 | Build | Mill |
| 11:05 | Queue | Villager (Male) |
| 11:09 | Queue | Fishing Ship |
| 11:21 | Queue | Fishing Ship |
| 11:57 | Queue | Fishing Ship |
| 12:03 | Queue | Villager (Male) |
| 12:24 | Queue | Fishing Ship |
| 12:44 | Age | Feudal Age |
| 12:46 | Build | Market |
| 12:58 | Build | Blacksmith |
| 13:27 | Build | House |
| 14:02 | Research | Castle Age |
| 14:02 | Research | Castle Age |
| 14:24 | Queue | Fishing Ship |
| 14:24 | Queue | Fishing Ship |
| 14:33 | Build | House |
| 14:47 | Research | Double-Bit Axe |
| 14:55 | Build | Outpost |
| 15:00 | Research | Fletching |
| 15:28 | Build | Mining Camp |
| 15:30 | Queue | Villager (Male) |
| 16:23 | Research | Fishing Lines |
| 16:27 | Queue | Fishing Ship |
| 16:27 | Queue | Fishing Ship |
| 16:42 | Age | Castle Age |
| 16:56 | Build | Castle |
| 16:57 | Queue | Villager (Male) |
| 17:03 | Research | Loom |
| 17:06 | Build | House |
| 17:19 | Queue | Villager (Male) |
| 17:21 | Research | Bow Saw |
| 17:31 | Queue | Villager (Male) |
| 17:48 | Build | Mining Camp |
| 17:52 | Build | Mill |
| 17:55 | Queue | Villager (Male) |
| 18:03 | Queue | Rattan Archer |
| 18:03 | Queue | Rattan Archer |
| 18:05 | Queue | Villager (Male) |
| 18:11 | Queue | Villager (Male) |
| 18:17 | Build | Siege Workshop |
| 18:23 | Queue | Villager (Male) |
| 18:36 | Queue | Hulk |
| 18:37 | Queue | Hulk |
| 18:37 | Queue | Hulk |
| 18:42 | Queue | Villager (Male) |
| 18:52 | Research | Bodkin Arrow |
| 19:00 | Queue | Villager (Male) |
| 19:01 | Queue | Rattan Archer |
| 19:15 | Build | House |
| 19:16 | Queue | Villager (Male) |
| 19:17 | Queue | Rattan Archer |
| 19:18 | Queue | Rattan Archer |
| 19:30 | Queue | Hulk ×2 |
| 19:47 | Queue | Rattan Archer |
| 19:48 | Queue | Villager (Male) |
| 19:58 | Queue | Rattan Archer |
| 19:58 | Queue | Rattan Archer |
| 20:07 | Queue | Mangonel |
| 20:09 | Queue | Villager (Male) |
| 20:09 | Queue | Villager (Male) |
| 20:29 | Queue | Rattan Archer |
| 20:29 | Queue | Rattan Archer |
| 20:35 | Research | Padded Archer Armor |
| 20:40 | Queue | Rattan Archer |
| 20:43 | Queue | Villager (Male) |
| 20:43 | Queue | Villager (Male) |
| 20:47 | Queue | Villager (Male) |
| 20:47 | Queue | Villager (Male) |
| 20:50 | Queue | Rattan Archer |
| 20:50 | Queue | Rattan Archer |
| 21:10 | Queue | Rattan Archer |
| 21:11 | Queue | Villager (Male) |
| 21:16 | Queue | Villager (Male) |
| 21:21 | Build | House |
| 21:24 | Queue | Villager (Male) |
| 21:32 | Queue | Rattan Archer |
| 21:32 | Queue | Rattan Archer |
| 21:41 | Queue | Villager (Male) |
| 21:44 | Queue | Rattan Archer |
| 21:44 | Queue | Rattan Archer |
| 21:58 | Queue | Villager (Male) |
| 22:05 | Build | Town Center |
| 22:12 | Queue | Villager (Male) |
| 22:12 | Queue | Villager (Male) |
| 22:23 | Queue | Villager (Male) |
| 22:25 | Queue | Rattan Archer |
| 22:33 | Queue | Mangonel |
| 22:51 | Build | Outpost |
| 22:53 | Build | Outpost |
| 22:53 | Queue | Villager (Male) |
| 22:54 | Queue | Villager (Male) |
| 22:55 | Queue | Rattan Archer |
| 22:55 | Queue | Rattan Archer |
| 23:15 | Queue | Rattan Archer |
| 23:15 | Queue | Rattan Archer |
| 23:18 | Queue | Villager (Male) |
| 23:18 | Queue | Villager (Male) |
| 23:18 | Queue | Villager (Male) |
| 23:30 | Queue | Villager (Male) |
| 23:31 | Queue | Rattan Archer |
| 23:31 | Queue | Rattan Archer |
| 23:49 | Build | Town Center |
| 23:52 | Queue | Villager (Male) |
| 23:52 | Queue | Villager (Male) |
| 24:03 | Build | Outpost |
| 24:05 | Build | Outpost |
| 24:10 | Queue | Villager (Male) |
| 24:10 | Queue | Villager (Male) |
| 24:10 | Queue | Villager (Male) |
| 24:19 | Queue | Rattan Archer |
| 24:19 | Queue | Rattan Archer |
| 24:20 | Queue | Rattan Archer |
| 24:37 | Build | Lumber Camp |
Build order — Rododino
First 150 of 495 actions detected
| 0:08 | Build | Town Center |
| 0:15 | Build | Dock |
| 1:34 | Build | House |
| 2:19 | Queue | Villager (Male) |
| 2:19 | Queue | Villager (Male) |
| 2:19 | Queue | Villager (Male) |
| 2:20 | Queue | Villager (Male) |
| 3:16 | Queue | Fishing Ship |
| 3:16 | Queue | Fishing Ship |
| 3:26 | Queue | Villager (Male) |
| 4:04 | Build | House |
| 4:36 | Queue | Villager (Male) |
| 4:36 | Queue | Villager (Male) |
| 4:59 | Queue | Villager (Male) |
| 5:01 | Queue | Fishing Ship |
| 5:01 | Queue | Fishing Ship |
| 5:22 | Queue | Villager (Male) |
| 5:23 | Queue | Villager (Male) |
| 5:35 | Queue | Villager (Male) |
| 5:35 | Queue | Villager (Male) |
| 6:00 | Queue | Villager (Male) |
| 6:14 | Build | House |
| 6:26 | Queue | Villager (Male) |
| 6:36 | Queue | Fishing Ship |
| 6:52 | Queue | Villager (Male) |
| 7:04 | Queue | Villager (Male) |
| 7:06 | Build | House |
| 7:18 | Queue | Villager (Male) |
| 7:32 | Queue | Villager (Male) |
| 7:33 | Queue | Fishing Ship |
| 7:37 | Build | House |
| 7:38 | Queue | Villager (Male) |
| 8:17 | Queue | Fishing Ship |
| 8:56 | Queue | Villager (Male) |
| 9:01 | Build | House |
| 9:37 | Queue | Villager (Male) |
| 9:52 | Build | Lumber Camp |
| 10:02 | Queue | Villager (Male) |
| 10:22 | Research | Feudal Age |
| 10:22 | Research | Feudal Age |
| 10:47 | Queue | Fishing Ship |
| 11:21 | Build | Dock |
| 11:33 | Queue | Fishing Ship |
| 11:40 | Build | House |
| 11:53 | Build | Mining Camp |
| 11:55 | Build | Mill |
| 12:17 | Queue | Fishing Ship |
| 12:31 | Build | House |
| 12:35 | Research | Loom |
| 12:37 | Age | Feudal Age |
| 12:46 | Build | Market |
| 12:54 | Queue | Villager (Male) |
| 13:01 | Build | Blacksmith |
| 13:15 | Queue | Fishing Ship |
| 13:37 | Queue | Villager (Male) |
| 14:14 | Research | Castle Age |
| 14:50 | Research | Gold Mining |
| 15:14 | Build | Outpost |
| 15:20 | Queue | Fishing Ship |
| 15:28 | Research | Fishing Lines |
| 15:31 | Build | Dock |
| 15:40 | Build | House |
| 16:02 | Queue | Hulk |
| 16:04 | Research | Forging |
| 16:17 | Build | Palisade Gate |
| 16:18 | Build | Palisade Wall |
| 16:38 | Build | Palisade Wall |
| 16:43 | Queue | Hulk |
| 16:43 | Queue | Hulk |
| 16:44 | Queue | Villager (Male) |
| 16:54 | Age | Castle Age |
| 16:55 | Queue | Villager (Male) |
| 16:59 | Research | Double-Bit Axe |
| 17:05 | Queue | Hulk |
| 17:06 | Queue | Hulk |
| 17:18 | Build | Town Center |
| 17:18 | Queue | Villager (Male) |
| 17:44 | Queue | Villager (Male) |
| 18:05 | Build | House |
| 18:09 | Research | War Galley (upgrade) |
| 18:13 | Queue | Hulk |
| 18:13 | Queue | Hulk |
| 18:23 | Queue | Villager (Male) |
| 18:34 | Queue | Villager (Male) |
| 18:44 | Queue | Villager (Male) |
| 18:44 | Queue | Villager (Male) |
| 18:47 | Queue | Villager (Male) |
| 18:51 | Queue | Hulk ×2 |
| 19:02 | Queue | Villager (Male) |
| 19:08 | Queue | Villager (Male) |
| 19:11 | Queue | Villager (Male) |
| 19:21 | Queue | Villager (Male) |
| 19:22 | Queue | Villager (Male) |
| 19:32 | Build | Palisade Wall |
| 19:33 | Queue | Villager (Male) |
| 19:47 | Build | Watch Tower |
| 19:49 | Queue | Villager (Male) |
| 19:58 | Queue | Villager (Male) |
| 20:26 | Queue | Villager (Male) |
| 20:30 | Queue | Villager (Male) |
| 20:33 | Queue | Villager (Male) |
| 20:48 | Build | Town Center |
| 20:50 | Queue | Villager (Male) |
| 20:54 | Queue | Villager (Male) |
| 21:02 | Queue | Villager (Male) |
| 21:05 | Queue | Villager (Male) |
| 21:11 | Build | House |
| 21:17 | Queue | Villager (Male) |
| 21:22 | Queue | Villager (Male) |
| 21:25 | Queue | Villager (Male) |
| 21:31 | Queue | Villager (Male) |
| 21:34 | Build | House |
| 21:49 | Queue | Villager (Male) |
| 21:51 | Queue | Hulk |
| 21:51 | Queue | Hulk |
| 21:53 | Queue | Villager (Male) |
| 21:55 | Queue | Villager (Male) |
| 21:59 | Queue | Villager (Male) |
| 22:01 | Queue | Villager (Male) |
| 22:09 | Queue | Villager (Male) |
| 22:13 | Queue | Villager (Male) |
| 22:26 | Build | Barracks |
| 22:30 | Queue | Villager (Male) |
| 22:41 | Queue | Villager (Male) |
| 22:46 | Build | House |
| 22:54 | Queue | Villager (Male) |
| 22:58 | Build | House |
| 23:04 | Queue | Hulk |
| 23:04 | Queue | Hulk |
| 23:04 | Queue | Hulk |
| 23:13 | Research | Iron Casting |
| 23:13 | Queue | Villager (Male) |
| 23:19 | Queue | Villager (Male) |
| 23:22 | Build | Stable |
| 23:29 | Build | House |
| 23:49 | Build | Stable |
| 23:52 | Queue | Steppe Lancer |
| 23:52 | Queue | Steppe Lancer |
| 23:56 | Build | House |
| 24:03 | Build | Lumber Camp |
| 24:04 | Queue | Steppe Lancer |
| 24:05 | Queue | Villager (Male) |
| 24:09 | Research | Scale Barding Armor |
| 24:11 | Queue | Steppe Lancer |
| 24:13 | Queue | Villager (Male) |
| 24:30 | Queue | Steppe Lancer ×2 |
| 24:30 | Queue | Steppe Lancer ×2 |
| 24:33 | Queue | Villager (Male) |
| 24:36 | Queue | Villager (Male) |
| 24:41 | Build | House |
Match timeline
| 0:15 | Rododino · first_building Dock |
| 0:46 | AbsolutelyShrekt · first_building Dock |
| 12:37 | Rododino · age_up feudal |
| 12:44 | AbsolutelyShrekt · age_up feudal |
| 13:39 | AbsolutelyShrekt · first_market_sell 100 stone |
| 13:58 | Rododino · first_market_sell 100 stone |
| 14:01 | Rododino · first_market_buy 100 food |
| 16:18 | Rododino · wall_segment Palisade Wall x1 |
| 16:38 | Rododino · wall_segment Palisade Wall x7 |
| 16:42 | AbsolutelyShrekt · age_up castle |
| 16:54 | Rododino · age_up castle |
| 16:56 | AbsolutelyShrekt · first_building Castle |
| 18:17 | AbsolutelyShrekt · first_building Siege Workshop |
| 19:32 | Rododino · wall_segment Palisade Wall x9 |
| 22:26 | Rododino · first_building Barracks |
| 22:32 | AbsolutelyShrekt · first_market_buy 100 wood |
| 23:22 | Rododino · first_building Stable |
| 25:36 | Rododino · wall_segment Palisade Wall x1 |
| 28:48 | Rododino · first_building Siege Workshop |
| 38:13 | Rododino · first_building Monastery |
| 39:02 | AbsolutelyShrekt · first_building Barracks |
| 40:08 | AbsolutelyShrekt · first_building Stable |
| 40:22 | Rododino · first_building Castle |
| 42:14 | Rododino · wall_segment Stone Wall x12 |
| 42:27 | AbsolutelyShrekt · age_up imperial |
| 43:49 | Rododino · age_up imperial |
| 50:27 | AbsolutelyShrekt · first_building Monastery |
| 52:06 | Rododino · resign |
[ AI ANALYSIS · 1 CREDIT ]
What really happened in this match?
Wolo.gg analyzes every decision: build order, eco, micro, common mistakes by bracket. Personalized analysis on WhatsApp or Discord in 30 seconds.
Civ guide
Vietnamese
Perfil
Jugador #20658156